[Event "Limburg Open 2022"]
[Site "Maastricht"]
[Date "2022.06.05"]
[Round "5.4"]
[White "Lahaye, Rick"]
[Black "Dardha, Daniel"]
[Result "0-1"]
[ECO "A10"]
[WhiteElo "2412"]
[BlackElo "2555"]
[PlyCount "132"]
[EventDate "2022.06.03"]
[EventType "swiss"]
[EventRounds "7"]
[EventCountry "NED"]
[SourceTitle "Limburg Open"]
[Source "Limburg Open"]
[SourceDate "2022.06.06"]
[SourceVersion "7"]
[SourceVersionDate "2022.06.06"]
[SourceQuality "1"]
[TimeControl "7200+15"]

1. c4 d6 2. e3 e5 3. a3 g6 4. b4 Bg7 5. Bb2 f5 6. d4 Qe7 7. Be2 Nh6 8. Nc3 Nd7 9. c5 Nf6 10. cxd6 cxd6 11. Bb5+ Kf8 12. dxe5 dxe5 13. Bc4 Be6 14. Bxe6 Qxe6 15. Nb5 Rc8 16. Nf3 Nf7 17. Nxa7 Rd8 18. Qc2 Ne4 19. O-O Bf6 20. Nb5 Rc8 21. Qe2 Kg7 22. Rac1 Qb3 23. Rc7 Rxc7 24. Nxc7 Rd8 25. Ba1 Kg8 26. Qb5 Ned6 27. Qc5 Ne4 28. Qb5 Ned6 29. Qd5 Qc4 30. Qxc4 Nxc4 31. Nb5 Ra8 32. Bc3 Kg7 33. Ra1 Rc8 34. a4 g5 35. a5 g4 36. Nd2 Nfd6 37. Nxc4 Nxb5 38. a6 bxa6 39. Bxe5 Rxc4 40. Bxf6+ Kxf6 41. Rxa6+ Kg5 42. h3 Rxb4 43.
hxg4 fxg4 44. Rc6 Rb3 45. Rc5+ Kg6 46. Rc6+ Kg7 47. Rc4 h5 48. Rc5 Kg6 49. Rc6+ Kg7 50. Rc5 Nd6 51. Rxh5 Ne4 52. Rf5 Kg6 53. Rf4 Nf6 54. Kh2 Rb1 55. Rc4 Kg5 56. Rc5+ Kg6 57. Rc4 Rb5 58. f3 Kg5 59. Rc3 Kh4 60. Rc4 Rb3 61. g3+ Kg5 62. Rc5+ Kg6 63. fxg4 Rb2+ 64. Kg1 Nxg4 65. Rc6+ Kf5 66. Rc4 Rb1+ 0-1

[Event "Limburg Open 2022"]
[Site "Maastricht"]
[Date "2022.06.05"]
[Round "5.5"]
[White "Strating, Sybolt"]
[Black "Ernst, Sipke"]
[Result "0-1"]
[ECO "E62"]
[WhiteElo "2291"]
[BlackElo "2538"]
[PlyCount "126"]
[EventDate "2022.06.03"]
[EventType "swiss"]
[EventRounds "7"]
[EventCountry "NED"]
[SourceTitle "Limburg Open"]
[Source "Limburg Open"]
[SourceDate "2022.06.06"]
[SourceVersion "7"]
[SourceVersionDate "2022.06.06"]
[SourceQuality "1"]
[TimeControl "7200+15"]

1. d4 g6 2. Nf3 Bg7 3. c4 Nf6 4. Nc3 O-O 5. g3 d6 6. Bg2 c6 7. O-O Bf5 8. b3 Ne4 9. Bb2 Qc8 10. Re1 Nxc3 11. Bxc3 Be4 12. Qd2 Nd7 13. Bh3 Bxf3 14. exf3 Re8 15. Re3 Qd8 16. f4 d5 17. cxd5 cxd5 18. Ba5 b6 19. Bc3 e6 20. Bf1 Nf6 21. Bb2 Ne4 22. Qd1 Rc8 23.
Bd3 Nd6 24. Re2 b5 25. a4 bxa4 26. Rxa4 Qb6 27. Ba3 a5 28. Bc5 Rxc5 29. dxc5 Qxc5 30. Rc2 Bc3 31. Qc1 Rc8 32. Kg2 d4 33. f3 Qd5 34. Ra3 Rc7 35. g4 Rc5 36. Qf1 Qc6 37. Qe2 Qc7 38. Qd1 Kf8 39. h4 Ne8 40. Qc1 Nf6 41. Bc4 Bb4 42. Raa2 Qd6 43. Kg3 h5 44. g5 Ne8 45. Re2 d3 46. Re3 Ng7 47. Re4 Nf5+ 48. Kh3 d2 49. Qd1 Kg8 50. Ra1 Qd7 51. Qe2 Kh7 52. Rd1 Rc7 53. Re5 Bc3 54. Re4 Bb4 55. Re5 Qd4 56. Re4 Qc3 57. Qf2 a4 58. Be2 Bc5 59. Qf1 Ne3 60.
Rxe3 Qxe3 61. bxa4 Qxf4 62. a5 Bd6 63. Qg2 Qf5+ 0-1

[Event "Limburg Open 2022"]
[Site "Maastricht"]
[Date "2022.06.05"]
[Round "5.6"]
[White "Van Dael, Siem"]
[Black "Zwirs, Nico"]
[Result "0-1"]
[ECO "B90"]
[WhiteElo "2317"]
[BlackElo "2475"]
[PlyCount "70"]
[EventDate "2022.06.03"]
[EventType "swiss"]
[EventRounds "7"]
[EventCountry "NED"]
[SourceTitle "Limburg Open"]
[Source "Limburg Open"]
[SourceDate "2022.06.06"]
[SourceVersion "7"]
[SourceVersionDate "2022.06.06"]
[SourceQuality "1"]
[TimeControl "7200+15"]

1. e4 c5 2. Nf3 d6 3. d4 cxd4 4. Nxd4 Nf6 5. Nc3 a6 6. Be3 e5 7. Nb3 Be6 8. f3 Be7 9. Qd2 Nbd7 10. g4 O-O 11. O-O-O b5 12. g5 Nh5 13. Kb1 Nb6 14. Na5 Rc8 15. Nd5 Nxd5 16. exd5 Bxd5 17. Qxd5 Qxa5 18. Bd3 g6 19. h4 Qc7 20. Rhg1 Rfe8 21. Rg4 Bf8 22. a4 Nf4 23. Bxf4 exf4 24. Rxf4 Re5 25. Qb3 d5 26. Rf6 bxa4 27. Qxa4 Rb8 28. Qxa6 Bg7 29. Rc6 Re1 30. Rxe1 Rxb2+ 31. Ka1 Rxc2+ 32. Kb1 Rb2+ 33. Ka1 Re2+ 34. Kb1 Rxe1+ 35. Kc2 Qh2+ 0-1

[Event "Limburg Open 2022"]
[Site "Maastricht"]
[Date "2022.06.05"]
[Round "5.7"]
[White "Braun, Christian"]
[Black "Van Roon, Sjoerd"]
[Result "1/2-1/2"]
[ECO "A04"]
[WhiteElo "2428"]
[BlackElo "2280"]
[PlyCount "55"]
[EventDate "2022.06.03"]
[EventType "swiss"]
[EventRounds "7"]
[EventCountry "NED"]
[SourceTitle "Limburg Open"]
[Source "Limburg Open"]
[SourceDate "2022.06.06"]
[SourceVersion "7"]
[SourceVersionDate "2022.06.06"]
[SourceQuality "1"]
[TimeControl "7200+15"]

1. Nf3 Nf6 2. g3 b6 3. d3 Bb7 4. e4 g6 5. Bg2 Bg7 6. O-O O-O 7. Re1 d6 8. Nbd2 c5 9. a4 Nc6 10. Nc4 e5 11. Bg5 h6 12. Bxf6 Qxf6 13.
Ne3 Rae8 14. h4 h5 15. c3 Ne7 16. Qb3 Rd8 17. Nd2 Ba6 18. Ndc4 Bh6 19. Rad1 Qe6 20. Kh2 Bxe3 21. Rxe3 d5 22. exd5 Nxd5 23. Bh3 Bxc4 24. dxc4 Nxe3 25. Bxe6 Nxd1 26. Qc2 fxe6 27. Qxg6+ Kh8 28.
Qh6+ 1/2-1/2

[Event "Limburg Open 2022"]
[Site "Maastricht"]
[Date "2022.06.05"]
[Round "5.8"]
[White "Suvorov, Alexander"]
[Black "De Boer, Bas"]
[Result "1/2-1/2"]
[ECO "D32"]
[WhiteElo "2348"]
[BlackElo "2115"]
[PlyCount "34"]
[EventDate "2022.06.03"]
[EventType "swiss"]
[EventRounds "7"]
[EventCountry "NED"]
[SourceTitle "Limburg Open"]
[Source "Limburg Open"]
[SourceDate "2022.06.06"]
[SourceVersion "7"]
[SourceVersionDate "2022.06.06"]
[SourceQuality "1"]
[TimeControl "7200+15"]

1. d4 d5 2. c4 e6 3. Nc3 a6 4. cxd5 exd5 5. Bf4 Nf6 6. e3 c5 7. dxc5 Bxc5 8. Nf3 Nc6 9. Be2 O-O 10. O-O d4 11. exd4 Nxd4 12. Nxd4 Bxd4 13. Bf3 Qb6 14. Qb3 Qxb3 15. axb3 Bg4 16. Bxb7 Ra7 17. Bc6 Rc8 1/2-1/2

[Event "Limburg Open 2022"]
[Site "Maastricht"]
[Date "2022.06.05"]
[Round "5.9"]
[White "Kopylov, Daniel"]
[Black "Roorda, Thijs"]
[Result "1-0"]
[ECO "C02"]
[WhiteElo "2326"]
[BlackElo "2104"]
[PlyCount "92"]
[EventDate "2022.06.03"]
[EventType "swiss"]
[EventRounds "7"]
[EventCountry "NED"]
[SourceTitle "Limburg Open"]
[Source "Limburg Open"]
[SourceDate "2022.06.06"]
[SourceVersion "7"]
[SourceVersionDate "2022.06.06"]
[SourceQuality "1"]
[TimeControl "7200+15"]

1. e4 e6 2. d4 d5 3. e5 c5 4. c3 Nc6 5. Nf3 Qb6 6. Na3 cxd4 7. cxd4 Bd7 8.
Nc2 Rc8 9. Be2 Bb4+ 10. Kf1 Na5 11. g3 Ba4 12. b3 Bb5 13.
Kg2 Nc6 14. Bxb5 Qxb5 15. a4 Qb6 16. Qd3 Nge7 17. Nxb4 Nxb4 18. Qb5+ Nec6 19. Bd2 O-O 20. Rhc1 Na6 21. b4 Ncxb4 22. Rxc8 Rxc8 23. Rc1 Rc6 24. Rb1 Nc2 25. Ba5 Nxd4 26. Qxb6 axb6 27. Nxd4 Rc4 28. Bxb6 Rxa4 29. Rc1 f6 30. exf6 e5 31. Rc8+ Kf7 32. fxg7 Kxg7 33. Ne6+ Kf6 34. Nc5 Nxc5 35. Rxc5 Ra6 36. Bd8+ Ke6 37. Rc7 Rd6 38. Re7+ Kf6 39. Rd7+ Ke6 40. Rxd6+ Kxd6 41. Kf3 b5 42. Ke3 Kc5 43. f4 d4+ 44. Kd3 Kd5 45. fxe5 Kxe5 46. Bb6 Kf5 1-0

[Event "Limburg Open 2022"]
[Site "Maastricht"]
[Date "2022.06.05"]
[Round "5.10"]
[White "Bodicky, Michal"]
[Black "Fischer, Daniel"]
[Result "0-1"]
[ECO "E15"]
[WhiteElo "2106"]
[BlackElo "2324"]
[PlyCount "126"]
[EventDate "2022.06.03"]
[EventType "swiss"]
[EventRounds "7"]
[EventCountry "NED"]
[SourceTitle "Limburg Open"]
[Source "Limburg Open"]
[SourceDate "2022.06.06"]
[SourceVersion "7"]
[SourceVersionDate "2022.06.06"]
[SourceQuality "1"]
[TimeControl "7200+15"]

1. d4 Nf6 2. c4 e6 3. Nf3 b6 4. g3 Ba6 5. b3 Bb4+ 6. Bd2 Be7 7. Bg2 O-O 8.
Ne5 d5 9. O-O Bb7 10. Bc3 Nbd7 11. Nd2 c5 12. cxd5 Nxd5 13. Bb2 Nxe5 14. dxe5 Qc7 15. a3 b5 16. Qc2 Rac8 17. Rac1 Qb8 18. Rfd1 c4 19. bxc4 bxc4 20. Ne4 c3 21. Nxc3 Nxc3 22. Bxc3 Bxg2 23. Kxg2 Bxa3 24. Rb1 Qc7 25. Rb3 Be7 26. Qe4 Rb8 27. Rdb1 Rxb3 28. Rxb3 Rb8 29. Ba5 Qc8 30. Rc3 Qa6 31. Bc7 Rc8 32. Qc2 Bb4 33. Rc4 Qb5 34. e4 g6 35. Rd4 Ba5 36. Rc4 Bb6 37. Rc3 Bd4 38. Rb3 Qd7 39. Rb8 Kg7 40.
Bd6 Rxb8 41. Bxb8 Qb5 42. Bd6 Bxe5 43. Ba3 Qb7 44. Kh3 h5 45. f4 Bd4 46. Qd3 e5 47. fxe5 Qc8+ 48. Kg2 Bxe5 49. Qd5 Qc3 50. Be7 Bf6 51. Bc5 a5 52. Qd6 Qc4 53. e5 Qe4+ 54. Kg1 Qxe5 55. Qf8+ Kh7 56. Qxf7+ Bg7 57. Be7 a4 58. Kg2 Qb2+ 59. Kh3 Qd4 60.
Kg2 Qd7 61. h4 a3 62. g4 Qxg4+ 63. Kh2 Qd7 0-1

[Event "Limburg Open 2022"]
[Site "Maastricht"]
[Date "2022.06.05"]
[Round "5.11"]
[White "Van Meegen, Ruud"]
[Black "Roebers, Eline"]
[Result "1/2-1/2"]
[ECO "E60"]
[WhiteElo "2285"]
[BlackElo "2378"]
[PlyCount "22"]
[EventDate "2022.06.03"]
[EventType "swiss"]
[EventRounds "7"]
[EventCountry "NED"]
[SourceTitle "Limburg Open"]
[Source "Limburg Open"]
[SourceDate "2022.06.06"]
[SourceVersion "7"]
[SourceVersionDate "2022.06.06"]
[SourceQuality "1"]
[TimeControl "7200+15"]

1. Nf3 Nf6 2. g3 g6 3. b3 Bg7 4. Bb2 O-O 5. Bg2 c5 6. c4 Nc6 7. O-O d6 8. d4 a6 9. Nc3 cxd4 10. Nxd4 Bd7 11. Rc1 Rb8 1/2-1/2

[Event "Limburg Open 2022"]
[Site "Maastricht"]
[Date "2022.06.05"]
[Round "5.12"]
[White "Kucharska, Honorata"]
[Black "Ondersteijn, Niels"]
[Result "0-1"]
[ECO "E62"]
[WhiteElo "2181"]
[BlackElo "2376"]
[PlyCount "128"]
[EventDate "2022.06.03"]
[EventType "swiss"]
[EventRounds "7"]
[EventCountry "NED"]
[SourceTitle "Limburg Open"]
[Source "Limburg Open"]
[SourceDate "2022.06.06"]
[SourceVersion "7"]
[SourceVersionDate "2022.06.06"]
[SourceQuality "1"]
[TimeControl "7200+15"]

1. d4 d6 2. Nf3 Nf6 3. g3 g6 4. Bg2 Bg7 5. c4 O-O 6. O-O Nc6 7. Nc3 e5 8. dxe5 Nxe5 9. Nxe5 dxe5 10. Qc2 c6 11. Rd1 Qc7 12. Bg5 Be6 13.
c5 h6 14. Bxf6 Bxf6 15. Ne4 Be7 16. Nd6 Rfd8 17. Qd2 Kh7 18.
h4 Rd7 19. h5 Rad8 20. hxg6+ fxg6 21. Qe3 Bxd6 22. cxd6 Rxd6 23.
Rxd6 Rxd6 24. Qxa7 Rd2 25. Rc1 Qd7 26. Qe3 Bxa2 27. Qxe5 Qg7 28. Qe3 Qxb2 29. Re1 Qd4 30. Qe7+ Qg7 31. Qe3 Rd7 32. Qa3 Be6 33. Bf3 Qe5 34. Rc1 Bd5 35. Rd1 Be6 36. Rxd7+ Bxd7 37. Qa7 Qc7 38. Qc5 Be8 39. Qe3 Bf7 40. Qc5 Qd7 41. Kg2 Bd5 42. e4 Be6 43. e5 Kg7 44. Kh2 h5 45. Bg2 Kf7 46. Qe3 Kg7 47. Qc5 Qc7 48.
f4 Qf7 49. Qd4 Qe7 50. Be4 h4 51. Qd3 Qc5 52. Qd2 hxg3+ 53. Kxg3 Qg1+ 54. Qg2 Qxg2+ 55. Bxg2 Bd5 56. Bf1 b5 57. Kf2 b4 58. Ke3 c5 59. Kd2 Be6 60. Bd3 Kh6 61. Kc2 Kh5 62. Kb2 Kg4 63. Bxg6 Kxf4 64. Bh7 Kxe5 0-1

[Event "Limburg Open 2022"]
[Site "Maastricht"]
[Date "2022.06.05"]
[Round "5.13"]
[White "Kopylov, Michael"]
[Black "Ratsma, Midas"]
[Result "1/2-1/2"]
[ECO "D10"]
[WhiteElo "2372"]
[BlackElo "2195"]
[PlyCount "74"]
[EventDate "2022.06.03"]
[EventType "swiss"]
[EventRounds "7"]
[EventCountry "NED"]
[SourceTitle "Limburg Open"]
[Source "Limburg Open"]
[SourceDate "2022.06.06"]
[SourceVersion "7"]
[SourceVersionDate "2022.06.06"]
[SourceQuality "1"]
[TimeControl "7200+15"]

1. d4 d5 2. c4 e5 3. Nf3 e4 4. Nfd2 c6 5. Nc3 Nf6 6. cxd5 cxd5 7. Nb3 h6 8.
Bf4 a6 9. e3 Nc6 10. Nc5 Be7 11. Be2 O-O 12. O-O b6 13. N5a4 Be6 14. Rc1 Na5 15. b3 Nb7 16. f3 b5 17. Nc5 Nxc5 18. dxc5 Bxc5 19. Nxb5 Bxe3+ 20. Bxe3 axb5 21. Bxb5 exf3 22. Qxf3 d4 23.
Bxh6 Bd5 24. Qg3 Nh5 25. Qe5 Rxa2 26. Rf2 Rxf2 27. Kxf2 Qf6+ 28. Qxf6 Nxf6 29. Bf4 Bxb3 30. Bc4 Ba4 31. Ke2 Rd8 32. h3 Bc6 33. Bxf7+ Kxf7 34. Rxc6 d3+ 35. Kd1 Ra8 36. Kd2 Ra3 37. Rc4 Ra2+ 1/2-1/2

[Event "Limburg Open 2022"]
[Site "Maastricht"]
[Date "2022.06.05"]
[Round "5.14"]
[White "Nemegeer, Arne"]
[Black "De Rover, Yong Hoon"]
[Result "1-0"]
[ECO "B51"]
[WhiteElo "2107"]
[BlackElo "2359"]
[PlyCount "67"]
[EventDate "2022.06.03"]
[EventType "swiss"]
[EventRounds "7"]
[EventCountry "NED"]
[SourceTitle "Limburg Open"]
[Source "Limburg Open"]
[SourceDate "2022.06.06"]
[SourceVersion "7"]
[SourceVersionDate "2022.06.06"]
[SourceQuality "1"]
[TimeControl "7200+15"]

1. e4 c5 2. Nf3 d6 3. Bb5+ Nd7 4. O-O a6 5. Bd3 Ngf6 6. Re1 b5 7. c4 b4 8. a3 bxa3 9. Rxa3 e5 10. Bc2 g6 11. Nc3 Bg7 12. d3 O-O 13.
Nd2 Nb8 14. Ba4 Bd7 15. Bxd7 Nfxd7 16. Nf1 Nc6 17. Ne3 Nb6 18. Ned5 Nxd5 19. Nxd5 f5 20. Qa4 Nd4 21. Be3 fxe4 22. Bxd4 exd4 23. Rxe4 Rf7 24. Ra1 g5 25. Rae1 Be5 26. g3 Qf8 27. f4 gxf4 28. gxf4 Rg7+ 29. Kh1 Qf5 30. Qc2 Bf6 31. Qe2 Kh8 32. Re8+ Rxe8 33. Qxe8+ Rg8 34. Qf7 1-0

[Event "Limburg Open 2022"]
[Site "Maastricht"]
[Date "2022.06.06"]
[Round "6.1"]
[White "Donchenko, Alexander"]
[Black "Warmerdam, Max"]
[Result "1/2-1/2"]
[ECO "E68"]
[WhiteElo "2602"]
[BlackElo "2613"]
[PlyCount "34"]
[EventDate "2022.06.03"]
[EventType "swiss"]
[EventRounds "7"]
[EventCountry "NED"]
[SourceTitle "Limburg Open"]
[Source "Limburg Open"]
[SourceDate "2022.06.06"]
[SourceVersion "7"]
[SourceVersionDate "2022.06.06"]
[SourceQuality "1"]
[TimeControl "7200+15"]

1. c4 g6 2. g3 Bg7 3. Bg2 Nf6 4. Nc3 O-O 5. Nf3 d6 6. d4 Nbd7 7. O-O e5 8. e4 exd4 9. Nxd4 Nc5 10. h3 Re8 11. Re1 h6 12. Qc2 Nfxe4 13.
Nxe4 Bxd4 14. Bxh6 Nxe4 15. Rxe4 Rxe4 16. Qxe4 Bxb2 17. Re1 Be5 1/2-1/2

[Event "Limburg Open 2022"]
[Site "Maastricht"]
[Date "2022.06.06"]
[Round "6.2"]
[White "Ernst, Sipke"]
[Black "Van Foreest, Lucas"]
[Result "0-1"]
[ECO "C55"]
[WhiteElo "2538"]
[BlackElo "2553"]
[PlyCount "62"]
[EventDate "2022.06.03"]
[EventType "swiss"]
[EventRounds "7"]
[EventCountry "NED"]
[SourceTitle "Limburg Open"]
[Source "Limburg Open"]
[SourceDate "2022.06.06"]
[SourceVersion "7"]
[SourceVersionDate "2022.06.06"]
[SourceQuality "1"]
[TimeControl "7200+15"]

1. e4 e5 2. Nf3 Nc6 3. Bc4 Nf6 4. d3 Be7 5. a4 O-O 6. h3 d5 7. exd5 Nxd5 8. O-O Nb6 9. Bb3 Bf5 10. a5 Nd7 11. a6 Nc5 12. axb7 Rb8 13.
Bc4 Rxb7 14. Nc3 Rb8 15. Be3 Bd6 16. Re1 Ne6 17. Ra6 Ned4 18.
Bxd4 Nxd4 19. Nxd4 exd4 20. Nb5 Bb4 21. Re5 Bc8 22. Ra4 Bd6 23.
Rd5 Rxb5 24. Rxb5 Bd7 25. Rba5 Bxa4 26. Rxa4 Qf6 27. Rxa7 Re8 28. g3 g6 29. Kg2 Re5 30. Qd2 Kg7 31. Ra5 Bb4 0-1

[Event "Limburg Open 2022"]
[Site "Maastricht"]
[Date "2022.06.06"]
[Round "6.3"]
[White "Dardha, Daniel"]
[Black "Kopylov, Daniel"]
[Result "1-0"]
[ECO "E60"]
[WhiteElo "2555"]
[BlackElo "2326"]
[PlyCount "79"]
[EventDate "2022.06.03"]
[EventType "swiss"]
[EventRounds "7"]
[EventCountry "NED"]
[SourceTitle "Limburg Open"]
[Source "Limburg Open"]
[SourceDate "2022.06.06"]
[SourceVersion "7"]
[SourceVersionDate "2022.06.06"]
[SourceQuality "1"]
[TimeControl "7200+15"]

1. d4 Nf6 2. c4 g6 3. h4 Bg7 4. Nc3 d5 5. h5 Nxh5 6. cxd5 c6 7. e4 Nf6 8. dxc6 bxc6 9. Bh6 Bxh6 10. Rxh6 Qa5 11. Qd2 Ba6 12. Nf3 Bxf1 13. Kxf1 Nbd7 14. g3 Rd8 15. Kg2 Qb4 16. Qc2 e5 17. Rh4 Qe7 18. Ne2 O-O 19. Qxc6 Rc8 20. Qa4 exd4 21. Qxd4 Rc2 22. Nc3 Rb8 23. e5 Rbxb2 24. Nd1 Nxe5 25. Qxe5 Qxe5 26. Nxe5 Rxa2 27. Ra4 Rxa1 28.
Rxa1 Rc7 29. Ne3 Kg7 30. Ra4 h5 31. N3c4 Nd7 32. Nd6 Nf6 33.
Ndxf7 Rxf7 34. Nxf7 Kxf7 35. Rxa7+ Ke6 36. Kf3 Ng4 37. Ra4 Ne5+ 38. Kf4 Nd3+ 39. Kg5 Nxf2 40. Kxg6 1-0

[Event "Limburg Open 2022"]
[Site "Maastricht"]
[Date "2022.06.06"]
[Round "6.4"]
[White "Zwirs, Nico"]
[Black "Slagboom, Leandro"]
[Result "1-0"]
[ECO "E09"]
[WhiteElo "2475"]
[BlackElo "2098"]
[PlyCount "105"]
[EventDate "2022.06.03"]
[EventType "swiss"]
[EventRounds "7"]
[EventCountry "NED"]
[SourceTitle "Limburg Open"]
[Source "Limburg Open"]
[SourceDate "2022.06.06"]
[SourceVersion "7"]
[SourceVersionDate "2022.06.06"]
[SourceQuality "1"]
[TimeControl "7200+15"]

1. c4 e6 2. Nf3 Nf6 3. g3 d5 4. Bg2 Be7 5. O-O O-O 6. d4 c6 7. Nbd2 Nbd7 8. Qc2 b6 9. e4 Ba6 10. e5 Ne8 11. Re1 Rc8 12. cxd5 cxd5 13. Qd1 Qc7 14. Nf1 Qc2 15. Qxc2 Rxc2 16. Ne3 Rc6 17. Bd2 Nc7 18. a4 Bd3 19. Rec1 Rxc1+ 20. Rxc1 Rc8 21. Ne1 Ba6 22. Bf1 Bxf1 23. Kxf1 Kf8 24. Nd3 Ke8 25. Ke2 Nb8 26. Bb4 Bxb4 27. Nxb4 Kd7 28. f4 Nca6 29. Rxc8 Kxc8 30. Nxa6 Nxa6 31. h4 Nc7 32. h5 Ne8 33. f5 Kd7 34. Kf3 g6 35. g4 gxf5 36. gxf5 Ke7 37. f6+ Kf8 38. Nc2 Nc7 39. Kf4 Kg8 40. Nb4 a5 41. Nc6 Kh8 42. b3 Kg8 43.
Ne7+ Kh8 44. Ke3 h6 45. Kd3 Kh7 46. Kc3 Kh8 47. b4 Na6 48.
bxa5 bxa5 49. Nc6 Kg8 50. Nxa5 Kf8 51. Nb7 Ke8 52. Nd6+ Kf8 53. Kb3 1-0

[Event "Limburg Open 2022"]
[Site "Maastricht"]
[Date "2022.06.06"]
[Round "6.5"]
[White "Fischer, Daniel"]
[Black "Gurevich, Mikhail"]
[Result "1/2-1/2"]
[ECO "C13"]
[WhiteElo "2324"]
[BlackElo "2576"]
[PlyCount "71"]
[EventDate "2022.06.03"]
[EventType "swiss"]
[EventRounds "7"]
[EventCountry "NED"]
[SourceTitle "Limburg Open"]
[Source "Limburg Open"]
[SourceDate "2022.06.06"]
[SourceVersion "7"]
[SourceVersionDate "2022.06.06"]
[SourceQuality "1"]
[TimeControl "7200+15"]

1. e4 e6 2. d4 d5 3. Nc3 Nf6 4. Bg5 dxe4 5. Nxe4 Be7 6. Nxf6+ Bxf6 7. Bxf6 Qxf6 8. Nf3 c5 9. Bb5+ Bd7 10. Qe2 O-O 11. O-O-O a6 12. Bxd7 Nxd7 13. d5 exd5 14. Rxd5 Rfe8 15. Qd2 Nb6 16. Rd6 Re6 17. Rxe6 Qxe6 18. Rd1 h6 19. Qd6 Re8 20. Qc7 Qg6 21. g3 Qf6 22. Qxb7 Re2 23. Rd2 Re7 24. Qb8+ Kh7 25. Qd8 Na4 26. Qd3+ g6 27. c3 c4 28. Qxc4 Nxb2 29. Kxb2 Qxf3 30. Kc2 Qf5+ 31. Qd3 Qa5 32. Qd5 Qa4+ 33. Kb2 Qe8 34. Kc2 Qa4+ 35. Kb2 Qe8 36. Kc2 1/2-1/2

[Event "Limburg Open 2022"]
[Site "Maastricht"]
[Date "2022.06.06"]
[Round "6.6"]
[White "Braun, Christian"]
[Black "Pham, Khoi"]
[Result "1-0"]
[ECO "B86"]
[WhiteElo "2428"]
[BlackElo "2244"]
[PlyCount "93"]
[EventDate "2022.06.03"]
[EventType "swiss"]
[EventRounds "7"]
[EventCountry "NED"]
[SourceTitle "Limburg Open"]
[Source "Limburg Open"]
[SourceDate "2022.06.06"]
[SourceVersion "7"]
[SourceVersionDate "2022.06.06"]
[SourceQuality "1"]
[TimeControl "7200+15"]

1. e4 c5 2. Nf3 d6 3. d4 cxd4 4. Nxd4 Nf6 5. Nc3 a6 6. Bc4 e6 7. Bb3 Be7 8. g4 Nc6 9. g5 Nxd4 10. Qxd4 e5 11. Qc4 Be6 12. Qe2 Nd7 13.
Bxe6 fxe6 14. Qh5+ g6 15. Qg4 Nf8 16. f4 h6 17. fxe5 hxg5 18.
Bd2 dxe5 19. O-O-O Rh4 20. Qf3 Qc7 21. Be3 Nd7 22. Qg3 Rf4 23.
Bxf4 exf4 24. Qg4 Qc6 25. Qh3 O-O-O 26. Qh7 Bf6 27. Rd3 Rf8 28. Rhd1 Ne5 29. Rd6 Qe8 30. Qh3 g4 31. Qf1 Rf7 32. Qxf4 Nc4 33. e5 Nxd6 34. exf6 Nf5 35. Ne4 Rd7 36. Nd6+ Nxd6 37. Rxd6 Rxd6 38. Qxd6 Qf7 39. Qd4 Kc7 40. a4 Kc8 41. a5 Kc7 42. Kd2 Qd7 43. Qxd7+ Kxd7 44. Ke3 e5 45. Ke4 Ke6 46. f7 Kxf7 47. Kxe5 1-0

[Event "Limburg Open 2022"]
[Site "Maastricht"]
[Date "2022.06.06"]
[Round "6.7"]
[White "Van Roon, Sjoerd"]
[Black "Lahaye, Rick"]
[Result "0-1"]
[ECO "B51"]
[WhiteElo "2280"]
[BlackElo "2412"]
[PlyCount "176"]
[EventDate "2022.06.03"]
[EventType "swiss"]
[EventRounds "7"]
[EventCountry "NED"]
[SourceTitle "Limburg Open"]
[Source "Limburg Open"]
[SourceDate "2022.06.06"]
[SourceVersion "7"]
[SourceVersionDate "2022.06.06"]
[SourceQuality "1"]
[TimeControl "7200+15"]

1. e4 c5 2. Nf3 d6 3. Bb5+ Nd7 4. d4 cxd4 5. Qxd4 a6 6. Bxd7+ Bxd7 7. Nc3 Bc6 8. Bg5 h6 9. Bh4 e5 10. Qd3 g5 11. Bg3 Nf6 12. Nd2 b5 13.
h4 b4 14. Nd5 Bb5 15. Qb3 Nxd5 16. exd5 f5 17. Qxb4 f4 18. a4 Bd7 19. Qe4 Kf7 20. h5 Qf6 21. Bh2 Bf5 22. Qb4 e4 23. g3 a5 24. Qc3 Qxc3 25.
bxc3 Bg7 26. gxf4 Bxc3 27. Rb1 Bb4 28. c3 Bc5 29. fxg5 hxg5 30. Rb7+ Kf6 31. Nc4 Rhb8 32. Rxb8 Rxb8 33. Ke2 Bg4+ 34. Kd2 Bf3 35. Rf1 Ke7 36. h6 Rh8 37. Nxa5 Rxh6 38. Bg3 Bg2 39. Re1 e3+ 40. fxe3 Rh3 41. Nc6+ Kf6 42. Bf2 Bxd5 43. Nd4 Rh2 44. Rf1 Bc4 45. Ne2 Kg6 46. Ke1 Bxe3 47. a5 Ba6 48. Ng3 Bxf1 49. Bxe3 Bd3 50. Bf2 g4 51. Bb6 d5 52. Bd4 Ra2 53. Bb6 Bc4 54. Bd4 Kg5 55. Be3+ Kh4 56. Bf4 Kh3 57. Bc7 Kg2 58. Nh5 Kf3 59. Ng3 Ke3 60. Bb6+ Kd3 61. Bd4 Rxa5 62. Kf2 Ra2+ 63. Kg1 Rc2 64. Nf5 Ke4 65. Ne3 Rc1+ 66. Kg2 Kf4 67. Bg7 Kg5 68. Kf2 Rh1 69. Kg2 Rh3 70. Nd1 Bd3 71. Be5 Kf5 72. Bg3 Be4+ 73. Kf2 Bf3 74. Ne3+ Ke4 75. Nf1 Kd3 76. Be5 Be4 77. Nh2 Bf3 78. Nf1 Be2 79. Ng3 Bd1 80. Kg2 Bf3+ 81. Kg1 Rh7 82. Bd4 Rb7 83. Nh5 Rb2 84. Kf1 Rc2 85. Nf4+ Kc4 86. Ng6 Rxc3 87. Bxc3 Kxc3 88. Kf2 d4 0-1

[Event "Limburg Open 2022"]
[Site "Maastricht"]
[Date "2022.06.06"]
[Round "6.8"]
[White "Ondersteijn, Niels"]
[Black "Nemegeer, Arne"]
[Result "1-0"]
[ECO "B11"]
[WhiteElo "2376"]
[BlackElo "2107"]
[PlyCount "67"]
[EventDate "2022.06.03"]
[EventType "swiss"]
[EventRounds "7"]
[EventCountry "NED"]
[SourceTitle "Limburg Open"]
[Source "Limburg Open"]
[SourceDate "2022.06.06"]
[SourceVersion "7"]
[SourceVersionDate "2022.06.06"]
[SourceQuality "1"]
[TimeControl "7200+15"]

1. e4 c6 2. Nc3 d5 3. Nf3 dxe4 4. Nxe4 Nf6 5. Qe2 Nxe4 6. Qxe4 Qa5 7. Bc4 Bf5 8. Qf4 e6 9. O-O Be7 10. d3 O-O 11. Bd2 Qd8 12. a4 Nd7 13.
a5 a6 14. g4 Bg6 15. h4 h5 16. g5 Qb8 17. Qxb8 Raxb8 18. Bf4 Rbc8 19. Rfe1 Bc5 20. Kg2 Rfe8 21. c3 Bf5 22. d4 Be7 23. b4 Nf8 24. Nd2 f6 25. gxf6 Bxf6 26. Bg3 Ng6 27. Ne4 Be7 28. Re3 Rcd8 29. Nc5 Nxh4+ 30. Bxh4 Bxh4 31. Nxb7 Bg5 32. Re5 Rd5 33.
Bxd5 cxd5 34. Nd6 1-0